[Event "ESTCC U50 2018"]
[Site "Walbrzych"]
[Date "2018.04.22"]
[Round "9"]
[White "Giulian, Rosemary A"]
[Black "Mariotti, Sergio"]
[Result "1/2-1/2"]
[ECO "B22"]
[WhiteElo "1880"]
[BlackElo "2288"]
[Annotator "ChessBase"]
[PlyCount "78"]
[EventDate "2018.??.??"]
[EventCountry "POL"]
[SourceTitle "playchess.com"]
[Source "ChessBase"]
[SourceQuality "1"]
[WhiteTeam "Scotland"]
[BlackTeam "Italy"]
[WhiteTeamCountry "SCO"]
[BlackTeamCountry "ITA"]
[TimeControl "40/5400+30:1800+30"]

1. e4 c5 2. c3 Nf6 3. e5 Nd5 4. d4 cxd4 5. cxd4 d6 6. Nf3 Nc6 7. Bc4 Nb6 8. Bb3 d5 9. O-O Bg4 10. Be3 e6 11. a3 Be7 12. Nbd2 Bf5 13. Bc2 Bxc2 14. Qxc2 Rc8 15. Qd3 O-O 16. Rac1 h6 17. Rc2 Qd7 18. Rfc1 Na5 19. Rxc8 Rxc8 20. Rxc8+ Qxc8 21. Qb5 Nac4 22. h3 a6 23. Qb3 Qc6 24. Nxc4 dxc4 25. Qc2 Nd5 26. Nd2 c3 27. Nb1 cxb2 28. Qxb2 b5 29. Bd2 Qc4 30. g3 f6 31. exf6 Bxf6 32. Be3 Qd3 33. Qc1 Kh7 34. Qf1 Qc2 35. Qe1 a5 36. Nd2 Nc3 37. Nf3 a4 38. Bd2 Ne4 39. Bb4 Kg6 1/2-1/2

[Event "ESTCC U50 2018"]
[Site "Walbrzych"]
[Date "2018.04.22"]
[Round "9"]
[White "Jones, Gareth"]
[Black "Nuenchert, Eveline"]
[Result "1/2-1/2"]
[ECO "A05"]
[WhiteElo "1858"]
[BlackElo "2033"]
[Annotator "NA"]
[PlyCount "31"]
[EventDate "2018.??.??"]
[EventCountry "POL"]
[SourceTitle "playchess.com"]
[Source "ChessBase"]
[SourceQuality "1"]
[WhiteTeam "England"]
[BlackTeam "Germany"]
[WhiteTeamCountry "ENG"]
[BlackTeamCountry "GER"]
[TimeControl "40/5400+30:1800+30"]

1. Nf3 Nf6 2. g3 d6 3. d4 Nbd7 4. Bg2 e5 5. dxe5 dxe5 6. O-O c6 7. c4 Be7 8. Nc3 O-O 9. Qc2 Qc7 10. b3 Re8 11. Bb2 a5 {[%emt 0:10:49] LiveBook: 4 Games} 12. Na4 b6 13. Nxe5 $2 ({White should play} 13. e3 $11) 13... Nxe5 14. Bxe5 $19 Qxe5 15. Bxc6 Bh3 16. Rfd1 1/2-1/2

[Event "ESTCC U50 2018"]
[Site "Walbrzych"]
[Date "2018.04.22"]
[Round "9"]
[White "Sidler, Samuel"]
[Black "Daleczko, Zbigniew"]
[Result "1-0"]
[ECO "B21"]
[WhiteElo "1833"]
[BlackElo "1835"]
[Annotator "NA"]
[PlyCount "61"]
[EventDate "2018.??.??"]
[EventCountry "POL"]
[SourceTitle "playchess.com"]
[Source "ChessBase"]
[SourceQuality "1"]
[WhiteTeam "Switzerland"]
[BlackTeam "Poland"]
[WhiteTeamCountry "SUI"]
[BlackTeamCountry "POL"]
[TimeControl "40/5400+30:1800+30"]

1. e4 c5 2. d4 cxd4 3. c3 dxc3 4. Nxc3 Nc6 5. Nf3 d6 6. Bc4 e6 7. O-O Be7 8. Qe2 Nf6 9. Rd1 O-O {[%emt 0:02:05] B21: Sicilian: 2 f4 and Morra Gambit} (9... e5 10. Be3 O-O 11. Rac1 Be6 12. b4 Bg4 13. b5 Na5 14. Bd5 Qd7 15. h3 Bh5 16. a4 Rfc8 17. Ba2 b6 18. Nd5 Nxd5 19. Bxd5 Rxc1 20. Bxc1 Rd8 21. Ba3 {½-½ (21) Grigoryev,V (2503)-Voll,A (2556) ICCF email 2011}) 10. Bf4 Nh5 11. Bxd6 Bxd6 12. e5 Nf4 13. Qe4 {[%emt 0:07:31] [#]} Ng6 (13... Nxe5 $1 $11 14. Nxe5 f6) 14. Rxd6 Qa5 $146 ({Predecessor:} 14... Qc7 15. Rad1 Na5 16. Bb3 Bd7 17. h4 Bc6 18. Rxc6 Qxc6 19. Qg4 Qc7 20. Qe4 Rfd8 21. h5 Rxd1+ {0-1 (21) Benez,L (1883)-Carneiro,C (1810) Maringa 2011}) 15. Re1 Qc5 16. Rdd1 Ncxe5 17. Nxe5 Nxe5 18. Bb3 Nc6 19. Re3 Qb4 20. Qf3 $11 Nd4 21. Qf4 Nc6 22. Re4 Qc5 23. Qg3 Ne7 24. Re5 Qc7 25. Nb5 Qb8 26. Nd6 Nf5 27. Nxf5 exf5 28. Qe3 Qc7 29. Re7 Qa5 30. Rxf7 h6 31. Rxf5+ 1-0

[Event "ESTCC U50 2018"]
[Site "Walbrzych"]
[Date "2018.04.22"]
[Round "9"]
[White "Szydelko, Kazimierz"]
[Black "Aegerter, Klaus"]
[Result "1/2-1/2"]
[ECO "E91"]
[WhiteElo "1689"]
[BlackElo "1731"]
[Annotator "NA"]
[PlyCount "114"]
[EventDate "2018.??.??"]
[EventCountry "POL"]
[SourceTitle "playchess.com"]
[Source "ChessBase"]
[SourceQuality "1"]
[WhiteTeam "Poland"]
[BlackTeam "Switzerland"]
[WhiteTeamCountry "POL"]
[BlackTeamCountry "SUI"]
[TimeControl "40/5400+30:1800+30"]

1. d4 Nf6 2. c4 g6 3. Nf3 Bg7 4. Nc3 O-O 5. e4 d6 6. Be2 Nbd7 7. h3 e5 8. Be3 a5 9. O-O exd4 10. Nxd4 Nc5 11. Qc2 Re8 12. Bf3 Qe7 13. Nd5 Nxd5 14. exd5 Bd7 15. Rfe1 Qh4 16. Qd2 a4 17. Rac1 Ne4 18. Bxe4 Rxe4 19. Nf3 Qf6 20. Bg5 Rxe1+ 21. Rxe1 Qxb2 22. Qxb2 Bxb2 23. Re7 Bf5 24. Rxc7 Bb1 25. c5 Ba3 26. Rxb7 Bxa2 27. cxd6 Bxd5 28. Rb6 Bxf3 29. gxf3 Kf8 30. Bf4 Ke8 31. Kg2 Bc5 32. Rc6 a3 33. Rxc5 a2 34. Be5 a1=Q 35. Bxa1 Rxa1 36. Rc8+ Kd7 37. Rf8 Ra5 38. Rxf7+ Kxd6 39. h4 Rh5 40. Kg3 Ke6 41. Ra7 Kf6 42. Kg4 Ke6 43. f4 Kf6 44. f3 h6 45. Rh7 Rb5 46. Rc7 h5+ 47. Kg3 Ra5 48. Rc6+ Kf7 49. Rc3 Kf6 50. Re3 Rb5 51. Re8 Ra5 52. Kf2 Rb5 53. Rd8 Kf5 54. Rf8+ Ke6 55. Re8+ Kf5 56. Re4 Ra5 57. Rd4 Rb5 1/2-1/2

[Event "ESTCC U50 2018"]
[Site "Walbrzych"]
[Date "2018.04.22"]
[Round "9"]
[White "Telenius, Kimmo"]
[Black "Fatalibekova, Elena"]
[Result "0-1"]
[ECO "B32"]
[WhiteElo "1603"]
[BlackElo "2195"]
[Annotator "NA"]
[PlyCount "40"]
[EventDate "2018.??.??"]
[EventCountry "POL"]
[SourceTitle "playchess.com"]
[Source "ChessBase"]
[SourceQuality "1"]
[WhiteTeam "Finland"]
[BlackTeam "Russia"]
[WhiteTeamCountry "FIN"]
[BlackTeamCountry "RUS"]
[TimeControl "40/5400+30:1800+30"]

1. e4 c5 2. Nf3 Nc6 3. d4 cxd4 4. Nxd4 g6 {LiveBook: 9489 Games} 5. g3 Bg7 6. c3 d6 7. Bg2 Bd7 8. O-O Qc8 9. Be3 Nf6 10. f3 h5 11. Na3 Ne5 12. Rc1 O-O ({Black should try} 12... h4 $11) 13. Qd2 Kh7 14. f4 Neg4 15. f5 Nxe3 $17 16. fxg6+ fxg6 17. Qxe3 Bh6 18. Qd3 Bxc1 19. Rxc1 Ng4 20. Nf3 Qc5+ {Bf1} 0-1